 Dungeon Crawl Stone Soup version 0.23.2-1-ga50397a (webtiles) character file.

Game seed: 16100447599612793047

95 night the Sneak (level 4, -2/23 HPs)
             Began as a Vine Stalker Assassin on May 9, 2019.
             Slain by an orc
             ... wielding a +0 hand axe of electrocution
              (18 damage)
             ... on level 3 of the Dungeon.
             The game lasted 00:05:42 (2486 turns).

night the Sneak (Vine Stalker Assassin)             Turns: 2486, Time: 00:05:43

Health: -2/23      AC:  6    Str: 14    XL:     4   Next: 66%
Magic:  0/5        EV: 10    Int: 11    God:
Gold:   174        SH:  0    Dex: 16    Spells: 3/3 levels left

rFire    . . .     SeeInvis .   m - -1 dagger (curse)
rCold    . . .     Gourm    .   (no shield)
rNeg     . . .     Faith    +   j - +0 ring mail
rPois    .         Spirit   +   (no helmet)
rElec    .         Reflect  .   d - +0 cloak
rCorr    .         Harm     .   (no gloves)
MR       .....                  (no boots)
Stlth    +++.......             p - amulet of faith
HPRegen  0.47/turn              (no ring)
MPRegen  0.09/turn              (no ring)

@: no status effects
A: fangs 2, regeneration 1, magic shield, antimagic bite, no potion heal 3, rot
immunity
a: no special abilities


You were on level 3 of the Dungeon.
You were not hungry.

You visited 1 branch of the dungeon, and saw 3 of its levels.

You collected 174 gold pieces.

Inventory:

Hand Weapons
 a - a +2 dagger
 b - a +0 blowgun
 m - a cursed -1 dagger (weapon)
Missiles
 e - 27 poisoned needles
 f - 2 curare-tipped needles
 i - 61 stones (quivered)
 k - 14 bolts
 r - 2 javelins of returning
 s - 25 sling bullets
Armour
 c - a +0 robe
 d - a +0 cloak (worn)
 j - a +0 ring mail (worn)
Jewellery
 p - an amulet of faith (around neck)
Scrolls
 l - a scroll of identify
Potions
 h - 3 potions of curing
 n - a potion of lignification {unknown}
 o - a potion of heal wounds {unknown}
 q - 2 potions of degeneration
Comestibles
 g - 7 rations
 t - 10 chunks of flesh


   Skills:
 - Level 1.7 Fighting
 + Level 3.2 Short Blades
 - Level 1.7 Throwing
 - Level 0.7 Dodging
 + Level 6.3 Stealth


You had 3 spell levels left.
You didn't know any spells.
Your spell library was empty.

Dungeon Overview and Level Annotations

Branches:
Dungeon (3/15)

Altars:


Innate Abilities, Weirdness & Mutations

You have extremely sharp teeth.
Your natural rate of healing is unusually fast.
When hurt, damage is shared between your health and your magic reserves.
Your bite disrupts and absorbs the magic of your enemies.
Potions cannot restore your health.
You are immune to rotting.


Message History

The gnoll closely misses you.
You hit the gnoll. Your bite misses the gnoll.
The gnoll is lightly wounded.
The orc shouts!
You hit the gnoll but do no damage. You bite the gnoll. You drain its power.
The gnoll is lightly wounded.
The gnoll closely misses you.
You hit the gnoll but do no damage. Your bite misses the gnoll.
The gnoll is lightly wounded.
The gnoll closely misses you. x2
You hit the gnoll but do no damage. Your bite misses the gnoll.
The gnoll is lightly wounded.
The gnoll hits you with a +0 club.
Unknown command.
The gnoll completely misses you. The gnoll hits you.
The gnoll closely misses you.
The orc hits you with a +0 hand axe of electrocution.
You are electrocuted!!
Ouch! That really hurt!
You die...

#.#.#.#.#.#)#.#.#.#.#.#.##
#.#.#.#.#.#.#.#.#.#.#.#.#.#
#.#.#.#.#.#.#.#.#.#.#.#.#.##
#.#.#.#.....#.#.#)#.#.#.#.#.#
##.#.#.#g.g#.#.#.#†#.#.#.<.##
..#.#.#+g..+#.#.#)#.#.#.#.#.#
##.##.#
#..g##...######..##### #
#.###...##.### ####
........o@.# #.######.##.#
#.# .# #.. .# ### .# .# .# ..


You could see a gnoll and an orc.

Vanquished Creatures
  An orc wizard (D:2)
  An adder (D:2)
  An ooze (D:1)
  2 worms (D:2)
  2 dart slugs
  2 leopard geckos (D:1)
  4 orcs
  4 bats
  A giant cockroach (D:2)
  4 goblins
  8 hobgoblins
  2 kobolds (D:2)
  A quokka (D:3)
  3 frilled lizards (D:2)
  4 rats
40 creatures vanquished.

Vanquished Creatures (others)
  3 toadstools (D:1)
3 creatures vanquished.

Grand Total: 43 creatures vanquished

Notes
Turn   | Place    | Note
-------+----------+-------------------------------------------
     0 | D:1      | night the Vine Stalker Assassin began the quest for the
                  | Orb.
     0 | D:1      | Reached XP level 1. HP: 11/11 MP: 2/2
   123 | D:1      | Reached skill level 5 in Stealth
   363 | D:1      | Reached XP level 2. HP: 14/15 MP: 3/3
   861 | D:2      | Reached XP level 3. HP: 18/18 MP: 4/4
  2067 | D:2      | Gained mutation: Your natural rate of healing is unusually
                  | fast. [Vine Stalker growth]
  2067 | D:2      | Reached XP level 4. HP: 19/23 MP: 5/5
  2194 | D:3      | Reached skill level 6 in Stealth
  2486 | D:3      | Slain by an orc

Skill      XL: |  1  2  3  4 |
---------------+-------------+-----
Short Blades   | 2 3 |  3.2
Stealth        | 5 6 |  6.3
Fighting       | |  1.7
Throwing       | |  1.7
Dodging        | |  0.7

Action                   |  1- 3 |  4- 6 || total
-------------------------+-------+-------++-------
Melee: Dagger            |   188 |    95 ||   283
       Bite              |    46 |    33 ||    79
  Use: Scroll            |     1 |     2 ||     3
 Stab: Sleeping          |     6 |       ||     6
  Eat: Chunk             |     3 |     2 ||     5
Armor: Ring mail         |    86 |    30 ||   116
       Robe              |     1 |       ||     1
Dodge: Dodged            |    93 |    27 ||   120
